 Seeded DCSS version 0.28-a0-1518-gbe868bca14 (webtiles) character file.

Game seed: 3288299884413485471 (custom seed)

471 flotson the Ducker (level 6, -1/47 HPs)
             Began as a Demonspawn Gladiator on Jan 17, 2022.
             Slain by a centaur (4 damage)
             ... on level 4 of the Dungeon.
             The game lasted 00:04:49 (4101 turns).

flotson the Ducker (Demonspawn Gladiator)           Turns: 4101, Time: 00:04:50

Health: -1/47      AC:  7    Str: 17    XL:     6   Next: 83%
Magic:  6/6        EV:  8    Int: 11    God:
Gold:   121        SH: 13    Dex: 20    Spells: 5/5 levels left

rFire   . . .      SeeInvis .   a - +4 mace of Yredelemnul's Hope {pain, rPois rN+ Dex+6 Stlth+}
rCold   . . .      Faith    .   m - +0 tower shield
rNeg    + . .      Spirit   .   n - +0 ring mail
rPois   +          Reflect  .   c - +0 helmet
rElec   .          Harm     .   d - +0 cloak {Will+}
rCorr   .          Rampage  .   (no gloves)
Will    +....                   (no boots)
Stlth   ++........              (no amulet)
HPRegen 0.15/turn               (no ring)
MPRegen 0.20/turn               (no ring)

@: no status effects
A: powered by death 1, magic regeneration, big brain 1, weakness stinger 1
a: no special abilities


You were on level 4 of the Dungeon.
You visited 1 branch of the dungeon, and saw 4 of its levels.

You collected 121 gold pieces.

Inventory:

Hand Weapons
 a - the +4 mace of Yredelemnul's Hope (weapon) {pain, rPois rN+ Dex+6 Stlth+}
   (You found it on level 3 of the Dungeon)

   In the hands of one skilled in necromantic magic, it inflicts extra damage on
   living creatures.
   Dex:       It affects your dexterity (+6).
   rPois:     It protects you from poison.
   rN:        It protects you from negative energy.
   Stlth:     It makes you more stealthy.
Missiles
 l - a throwing net (quivered)
 p - 4 poisoned darts
Armour
 c - a +0 helmet (worn)
 d - a +0 cloak of willpower (worn)
 m - a +0 tower shield (worn)
 n - a +0 ring mail (worn)
Wands
 i - a wand of iceblast (5)
Scrolls
 g - a scroll of vulnerability {unknown}
 k - 3 scrolls of identify {unknown}
 o - a scroll of fog {unknown}
 q - a scroll of brand weapon {unknown}
Potions
 b - a potion of heal wounds {unknown}
 e - a potion of mutation {unknown}
 f - a potion of curing
 h - a potion of brilliance {unknown}
 j - a potion of ambrosia {unknown}
 r - a potion of might {unknown}


   Skills:
 + Level 3.4 Fighting
 + Level 3.8 Axes
 + Level 3.1 Throwing
 + Level 2.4 Armour
 + Level 3.8 Dodging
 + Level 1.2 Shields
 + Level 1.4 Evocations


You had 5 spell levels left.
You didn't know any spells.
Your spell library contained the following spells:

 Spells                   Type           Power      Damage    Failure   Level
 Beastly Appendage        Tmut           0%         N/A       100%        1
 Sting                    Tmut/Pois      0%         1d3       100%        1
 Poisonous Vapours        Pois/Air       0%         N/A       100%        2
 Wereblood                Tmut           0%         N/A       100%        2
 Spider Form              Tmut/Pois      0%         N/A       100%        3
 Olgreb's Toxic Radiance  Pois           0%         N/A       100%        4


Dungeon Overview and Level Annotations

Branches:
Dungeon (4/15)
 Temple: D:4-7

Altars:

Shops:
D:3 *


Innate Abilities, Weirdness & Mutations

You regenerate a little health from kills.
You regenerate magic rapidly.
You have an unusually large brain. (Int +2)
You have a small tail.


Message History

The arrow hits you!
There is an open door here.
The centaur shoots an arrow.
The arrow hits you.
The centaur shoots an arrow.
The arrow hits you.
The centaur shoots an arrow.
You block the arrow.
The centaur unwields a +0 shortbow.
The centaur wields a +0 hand axe.
The centaur hits you with a +0 hand axe.
You block the centaur's attack.
There is an open door, spattered with blood here.
You sock the centaur!
The centaur is heavily wounded.
You block the centaur's attack. The centaur barely misses you.
The centaur hits you with a +0 hand axe.
You block the centaur's attack. The jelly hits you but does no damage.
The centaur hits you with a +0 hand axe!
* * * LOW HITPOINT WARNING * * *
The centaur kicks you but does no damage.
The jelly hits you but does no damage.
Throw: 2 throwing nets
Press: ? - help, Q - select action, (/) - cycle Shift-Dir - straight line, f - centaur
Aim: a centaur, wielding a +0 hand axe and quivering arrows (heavily wounded, 74% to hit)
Okay, then.
Unknown command.
You hit the centaur. You tail-slap the centaur.
The centaur is severely wounded.
You block the centaur's attack. x2
The centaur hits you with a +0 hand axe!
* * * LOW HITPOINT WARNING * * *
The centaur kicks you but does no damage.
The centaur hits you with a +0 hand axe.
* * * LOW HITPOINT WARNING * * *
You block the centaur's attack.
Throw: 2 throwing nets
Press: ? - help, Q - select action, (/) - cycle Shift-Dir - straight line, f - centaur
Aim: a centaur, wielding a +0 hand axe and quivering arrows (severely wounded, 74% to hit)
You throw a throwing net.
The throwing net barely misses the centaur.
The throwing net hits the jelly.
The jelly is caught in the net!
The centaur hits you with a +0 hand axe.
You die...

...... #.............
...... #........#####
......### ###........#####
......... ..........)....
......# #........####.
#....# #........# #.
#....# #........####.
#.#....#####...).........
.......Jc@................
##.#....#####.............
###### ######'#......
#........ ##.....#.
#.....#. ##....#. #....#.


You could see a centaur and a jelly (caught).

Vanquished Creatures
  Blork the orc (D:4)
  An orc priest (D:3)
  Crazy Yiuf (D:3)
  2 centaur skeletons (D:4)
  Jessica (D:2)
  An iguana (D:3)
  An orc wizard (D:4)
  A killer bee zombie (D:4)
  9 adders
  4 worms
  A dart slug (D:1)
  13 orcs
  8 endoplasms
  4 goblins
  8 hobgoblins
  2 jackals (D:1)
  5 kobolds
  A quokka (D:3)
  12 ball pythons
  8 bats
  5 frilled lizards
  4 rats
93 creatures vanquished.

Notes
Turn   | Place    | Note
-------+----------+-------------------------------------------
     0 | D:1      | flotson the Demonspawn Gladiator began the quest for the
                  | Orb.
     0 | D:1      | Reached XP level 1. HP: 16/16 MP: 1/1
   343 | D:1      | Gained mutation: You regenerate a little health from kills.
                  | [demonic ancestry]
   343 | D:1      | Reached XP level 2. HP: 22/22 MP: 2/2
   941 | D:2      | Gained mutation: You have a small tail. [demonic ancestry]
   941 | D:2      | Reached XP level 3. HP: 28/28 MP: 3/3
   986 | D:2      | Reached skill level 1 in Armour
  1064 | D:2      | Noticed Jessica
  1073 | D:2      | Killed Jessica
  1074 | D:2      | Gained mutation: You regenerate magic rapidly. [demonic
                  | ancestry]
  1074 | D:2      | Reached XP level 4. HP: 7/34 MP: 4/4
  2071 | D:3      | Gained mutation: You have an unusually large brain. (Int
                  | +2) [demonic ancestry]
  2071 | D:3      | Reached XP level 5. HP: 29/40 MP: 5/5
  2136 | D:3      | Found Muwel's General Store.
  2405 | D:3      | Found a faded altar of an unknown god.
  3111 | D:3      | Found a runed translucent door.
  3112 | D:3      | Noticed Crazy Yiuf
  3137 | D:3      | Killed Crazy Yiuf
  3160 | D:3      | Identified the +4 mace of Yredelemnul's Hope {pain, rPois
                  | rN+ Dex+6 Stlth+}
  3458 | D:4      | Noticed a centaur
  3520 | D:4      | Reached XP level 6. HP: 43/47 MP: 6/6
  3790 | D:4      | Reached skill level 1 in Shields
  3790 | D:4      | Reached skill level 1 in Evocations
  3928 | D:4      | Noticed Blork the orc
  3944 | D:4      | Killed Blork the orc
  4101 | D:4      | Slain by a centaur

Illustrated notes

Levels and vault maps discovered:
D:1:      dpeg_arrival_windows_large_door, layout_basic
D:2:      layout_basic, minmay_pentomino_s4, uniq_jessica
D:3:      layout_loops_ring, shapermc_ecumenical_altar_totnotflames,
          serial_shops, nicolae_shop_behind_doors, minmay_misc_feat_tower,
          minmay_ruptured, uniq_crazy_yiuf_cottage
D:4:      layout_basic, serial_shops, kennysheep_mini_moat, uniq_blork_the_orc

Skill      XL: |  1  2  3  4  5  6 |
---------------+-------------------+-----
Throwing       | 2 3 |  3.1
Axes           | 3 |  3.8
Dodging        | 3 |  3.8
Armour         | 1 2 |  2.4
Fighting       | 3 |  3.4
Shields        | 1 |  1.2
Evocations     | 1 |  1.4

Action                   |  1- 3 |  4- 6 || total
-------------------------+-------+-------++-------
Melee: War axe           |    74 |   129 ||   203
       Tailslap          |     4 |    20 ||    24
       Punch             |       |     1 ||     1
       Mace              |       |    62 ||    62
Throw: Dart              |       |     4 ||     4
       Throwing net      |       |     4 ||     4
Evoke: Wand              |       |     2 ||     2
 Stab: Held in net/web   |       |     1 ||     1
       Sleeping          |       |     1 ||     1
Armor: Leather armour    |    22 |    10 ||    32
       Chain mail        |       |    65 ||    65
       Ring mail         |       |    46 ||    46
Dodge: Dodged            |    56 |   109 ||   165
Block: Tower shield      |       |    91 ||    91

Table legend: (Time is in decaauts)
 A = Elapsed time spent in this place.
 B = Non-inter-level travel time spent in this place.
 C = Inter-level travel time spent in this place.
 D = Time resting spent in this place.
 E = Time spent auto-exploring this place.
 F = Levels seen in this place.
 G = Mean time per level.
                   A        B        C        D        E       F      G
               +--------+--------+--------+--------+--------+-----+--------+
         Total |   4228 |   4135 |     93 |      0 |   3378 |   4 | 1057.0 |
       Dungeon |   4228 |   4135 |     93 |      0 |   3378 |   4 | 1057.0 |
               +--------+--------+--------+--------+--------+-----+--------+

Top non-repeatable levels by time:
     D:3: 1536 daAuts
     D:2: 1028 daAuts
     D:1: 948 daAuts
     D:4: 714 daAuts
